 Dungeon Crawl Stone Soup version 0.23.2 (webtiles) character file.

Game seed: 7703993387157644113

44 Kairos the Skirmisher (level 3, 15/30 HPs)
             Began as a Formicid Abyssal Knight on Apr 9, 2019.
             Was a Follower of Lugonu.
             Quit the game on level 2 of the Dungeon.
             The game lasted 00:02:49 (1162 turns).

Kairos the Skirmisher (Formicid Abyssal Knight)     Turns: 1162, Time: 00:02:50

Health: 15/30      AC:  6    Str: 17    XL:     3   Next: 87%
Magic:  4/4        EV: 11    Int: 11    God:    Lugonu [*.....]
Gold:   54         SH:  0    Dex: 10    Spells: 2/2 levels left

rFire    + . .     SeeInvis +   a - +1 spear
rCold    x . .     Gourm    .   (no shield)
rNeg     . . .     Faith    .   b - +0 leather armour
rPois    .         Spirit   .   (helmet unavailable)
rElec    .         Reflect  .   (no cloak)
rCorr    .         Harm     .   g - +2 pair of gloves
MR       .....                  (no boots)
Stlth    +.........             (no amulet)
HPRegen  0.10/turn              d - ring of fire
MPRegen  0.09/turn              (no ring)

@: no status effects
A: permanent stasis, dig shafts and tunnels, four strong arms, antennae 3, low
mp 1
a: Dig, Shaft Self, Depart the Abyss, Renounce Religion


You were on level 2 of the Dungeon.
You worshipped Lugonu.
Lugonu was aware of your devotion.
You were hungry.

You visited 1 branch of the dungeon, and saw 2 of its levels.
You visited the Abyss 1 time.

You collected 54 gold pieces.

Inventory:

Hand Weapons
 a - a +1 spear (weapon)
Armour
 b - a +0 leather armour (worn)
 g - a +2 pair of gloves (worn)
Jewellery
 d - a ring of fire (left hand)
Comestibles
 c - 4 rations


   Skills:
 + Level 4.0 Fighting
 + Level 2.6 Polearms
 + Level 2.7 Armour
 + Level 1.0 Dodging
 + Level 2.5 Invocations


You had 2 spell levels left.
You didn't know any spells.
Your spell library was empty.

Dungeon Overview and Level Annotations

Branches:
Dungeon (2/15)

Altars:


Innate Abilities, Weirdness & Mutations

You cannot be hasted, slowed, berserked, paralysed or teleported.
You can dig through walls and to a lower floor.
Your four strong arms can wield two-handed weapons with a shield.
You have a pair of large antennae on your head. (SInv)
Your magical capacity is low. (-10% MP)


Message History

You are too injured to fight recklessly!
You are too injured to fight recklessly!
You are too injured to fight recklessly!
You are too injured to fight recklessly!
You are too injured to fight recklessly!
You are too injured to fight recklessly!
You are too injured to fight recklessly!
You are too injured to fight recklessly!
You are too injured to fight recklessly!
You are too injured to fight recklessly!
You are too injured to fight recklessly!
You are too injured to fight recklessly!
You are too injured to fight recklessly!
You are too injured to fight recklessly!
You are too injured to fight recklessly!
You are too injured to fight recklessly!
You are too injured to fight recklessly!
You are too injured to fight recklessly!
Unknown command.
Are you sure you want to abandon this character and quit the game? (Confirm with "yes".)

#### # ...###.#
.#.....# .#..#..# {
.#..#..# { .#..#..#
.#..#..# #############
.#..#..# ............#
.#..#..#########@..#.#
.#<.#..........s.g...#
.#.##.##########.....#
.#........... ......#
..........### #......#
.#........... .....#.#
..#........## .....#.#
#..........+ .....# .
.#.........# #.#.#


You could see a giant cockroach and a goblin.

Vanquished Creatures
  An adder (D:2)
  An ooze (D:1)
  2 leopard geckos (D:1)
  A giant cockroach (D:1)
  5 goblins (D:1)
  5 hobgoblins (D:1)
  2 jackals (D:1)
  A kobold (D:1)
  A quokka (D:2)
  2 bats (D:1)
  2 frilled lizards (D:1)
  3 rats (D:1)
26 creatures vanquished.

Notes
Turn   | Place    | Note
-------+----------+-------------------------------------------
     0 | Abyss:1  | Kairos the Formicid Abyssal Knight began the quest for the
                  | Orb.
     0 | Abyss:1  | Reached XP level 1. HP: 18/18 MP: 2/2
   123 | Abyss:1  | Noticed a starcursed mass
   138 | Abyss:1  | Noticed a tentacled starspawn
   149 | Abyss:1  | Noticed a starcursed mass
   187 | Abyss:1  | Noticed a hungry ghost
   251 | Abyss:1  | Noticed a neqoxec
   252 | Abyss:1  | Gained mutation: Your magical capacity is low. (-10% MP) [a
                  | neqoxec]
   260 | Abyss:1  | Noticed a quasit
   278 | D:1      | Escaped the Abyss
   369 | D:1      | Reached XP level 2. HP: 16/24 MP: 3/3
   578 | D:1      | Reached * piety under Lugonu
   675 | D:1      | Reached XP level 3. HP: 27/30 MP: 4/4
   741 | D:1      | Reached skill level 1 in Dodging
  1058 | D:1      | Reached skill level 4 in Fighting
  1162 | D:2      | Quit the game

Skill      XL: |  1  2  3 |
---------------+----------+-----
Dodging        | 1 |  1.0
Fighting       | 4 |  4.0
Polearms       | |  2.6
Armour         | |  2.7
Invocations    | |  2.5

Action                   || total
-------------------------++-------
Melee: Spear             ||    89
Invok: Depart the Abyss  ||     1
 Abil: Dig               ||    16
  Use: Scroll            ||     1
  Eat: Chunk             ||     1
Armor: Leather armour    ||    20
Dodge: Dodged            ||    39
